 Dungeon Crawl Stone Soup version 0.31-a0-233-g139696dc86 (webtiles) character file.

Game seed: 1282594582184476371

38 qw the Shooter (level 3, -1/22 HPs)
             Began as a Gargoyle Hexslinger on July 9, 2023.
             Killed from afar by Sigmund (5 damage)
             ... with a magic dart
             ... on level 2 of the Dungeon.
             The game lasted 00:00:24 (1049 turns).

qw the Shooter (Gargoyle Hexslinger)                Turns: 1049, Time: 00:00:25

Health: -1/22      AC:  6    Str: 17    XL:     3   Next: 43%
Magic:  4/4        EV: 11    Int: 13    God:
Gold:   40         SH:  0    Dex: 14    Spells: 3/4 levels left

rFire   . . .        Y - +1 sling
rCold   . . .        (no shield)
rNeg    + . .        f - +0 leather armour
rPois   inf          (no helmet)
rElec   +            (no cloak)
rCorr   .            (no gloves)
SInv    .            (no boots)
Will    .....        (no amulet)
Stlth   +            j - +6 ring of strength
HPRegen 0.23/turn    (no ring)
MPRegen 0.09/turn

%: no passive effects
@: no status effects
A: sickness immunity, AC +3, negative energy resistance 1, electricity
resistance, torment resistance 1, petrification resistance
a: no special abilities


You were on level 2 of the Dungeon.
You visited 1 branch of the dungeon, and saw 2 of its levels.

You collected 40 gold pieces.


Innate Abilities, Weirdness & Mutations

You are immune to sickness and miasma.
Your stone body is resilient. (AC +3)
You are immune to poison.
You resist negative energy. (rN+)
You are resistant to electric shocks. (rElec)
You are resistant to unholy torment.
You are immune to petrification.


   Skills:
 - Level 2.3 Fighting
 + Level 3.1 Ranged Weapons
 - Level 1.5 Dodging
 - Level 1.0 Spellcasting
 - Level 2.6 Hexes


You had 3 spell levels left.
You knew the following spells:

 Your Spells              Type           Power      Damage    Failure   Level
a - Slow                  Hex            28%        N/A       12%         1

Your spell library contained the following spells:

 Spells                   Type           Power      Damage    Failure   Level
 Inner Flame              Hex/Fire       4%         N/A       52%         3
 Portal Projectile        Hex/Tloc       8%         N/A       52%         3
 Cause Fear               Hex            3%         N/A       75%         4

Inventory:

Hand Weapons
 Y - a +1 sling (weapon)
Armour
 f - a +0 leather armour (worn)
Jewellery
 j - a +6 ring of strength (left hand)
Scrolls
 b - a scroll of teleportation {unknown}
 c - a scroll of identify {unknown}
Potions
 a - a potion of heal wounds {unknown}

Dungeon Overview and Level Annotations

Branches:
Dungeon (2/15)

Altars:

Annotations:
D:2 Sigmund


Message History

The sling bullet closely misses Sigmund.
You shoot a sling bullet. The sling bullet hits Sigmund.
Sigmund is heavily wounded.
You shoot a sling bullet. The sling bullet barely misses Sigmund.
Sigmund casts a spell at you. You resist with significant effort.
You shoot a sling bullet. The sling bullet hits Sigmund.
Sigmund is severely wounded.
You shoot a sling bullet.
The sling bullet closely misses Sigmund.
Sigmund points at you and mumbles some strange words.
The puff of flame misses you.
You shoot a sling bullet. The sling bullet hits Sigmund.
Sigmund is severely wounded.
Sigmund gestures at you while chanting.
You are confused.
Sigmund hits you but does no damage. Sigmund casts a spell at you.
You are more confused.
Sigmund misses you.
Sigmund casts a spell.
Sigmund flickers and vanishes!
Deactivating autopickup; reactivate with Ctrl-A.
You shoot a sling bullet. Something hits you.
You shoot a sling bullet. You shoot a sling bullet.
Something completely misses you.
You shoot a sling bullet. Something hits you.
You shoot a sling bullet. Something hits you.
You shoot a sling bullet. You shoot a sling bullet.
You feel less confused. Something hits you!
You shoot a sling bullet.
A magic dart appears from out of thin air!
The magic dart hits you.
You die...

....# #.# .##.# #.# .#
.##.# # #.##### .#
.##.##.#.#.#...# ..##
.#..(....#.#...####.....
.........#........#.....
##..#.#### #.....{.....
....?..... +...........
##.#..#### #...@.......
#....# ##.......?...
#####.######.......#....
#.........##..####.# ...
..............####.#. ..
#.........###........
#.........# #........
.=.......# #.........
#......## #........


There were no monsters in sight!

Vanquished Creatures
  An adder (D:2)
  A dart slug (D:2)
  3 endoplasms
  A giant cockroach (D:1)
  2 goblins (D:1)
  2 hobgoblins (D:1)
  A quokka (D:1)
  2 ball pythons
  5 bats
  4 frilled lizards
  3 kobolds
  2 rats
27 creatures vanquished.

Notes
Turn   | Place    | Note
-------+----------+-------------------------------------------
     0 | D:1      | qw the Gargoyle Hexslinger began the quest for the Orb.
     0 | D:1      | Reached XP level 1. HP: 12/12 MP: 2/2
     0 | D:1      | 0 ||| qw: Version: 0.3-a-51-g015441d
     0 | D:1      | 0 ||| qw: Game counter: 4018
     0 | D:1      | 0 ||| qw: Melee chars always use a shield: true
     0 | D:1      | 0 ||| qw: God list: Okawaru
     0 | D:1      | 0 ||| qw: Allow faded altars: false
     0 | D:1      | 0 ||| qw: Do Orc after clearing Dungeon:15 true
     0 | D:1      | 0 ||| qw: Do second Lair branch before Depths: true
     0 | D:1      | 0 ||| qw: Lair rune preference: random
     0 | D:1      | 0 ||| qw: Goals: Normal
     0 | D:1      | 0 ||| PLANNING D:1-11
    90 | D:1      | Reached XP level 2. HP: 16/16 MP: 3/3
   292 | D:1      | Reached skill level 3 in Ranged Weapons
   823 | D:1      | 823 ||| UPGRADING to +0 leather armour.
   833 | D:1      | 833 ||| DROPPING +0 robe.
   834 | D:1      | 834 ||| UPGRADING to +6 ring of strength.
   835 | D:1      | 835 ||| READING scroll labelled VIUP UPPEO.
   836 | D:1      | 836 ||| READING 2 scrolls labelled ATHRYL WAGIBLEYTY.
   837 | D:1      | 837 ||| READING scroll labelled CEFUAPYJASH.
   838 | D:1      | 838 ||| READING 2 scrolls labelled VEIGIL FAGYBUO.
   839 | D:1      | 839 ||| READING scroll labelled PEHEQUMEJI.
   840 | D:1      | 840 ||| DROPPING scroll of poison.
   841 | D:1      | 841 ||| DROPPING scroll of revelation.
   842 | D:1      | 842 ||| DROPPING scroll of amnesia.
   917 | D:2      | Reached XP level 3. HP: 20/22 MP: 4/4
   939 | D:2      | Found a faded altar of an unknown god.
  1030 | D:2      | Noticed Sigmund
  1048 | D:2      | HP: 4/22 [something (7)]
  1049 | D:2      | Killed from afar by Sigmund

Levels and vault maps discovered:
D:1:      amcnicky_arrival_choice, layout_loops_ring, serial_aquarium,
          aquarium_bridge_square [aquarium_subvault_window,
          aquarium_subvault_bridge, aquarium_subvault_bridge,
          aquarium_subvault_wall], aquarium_window_2, aquarium_window_fake,
          aquarium_window_corner, aquarium_window_2, aquarium_view_2d,
          aquarium_balcony_5b, aquarium_pool_corner,
          hangedman_abyss_or_decor_lesser_grid
D:2:      layout_basic, ebering_ecumenical_altar_abandoned, uniq_sigmund

Skill      XL: |  1  2 |
---------------+-------+-----
Ranged Weapons | 3 |  3.1
Fighting       | 2 |  2.3
Dodging        | |  1.5
Spellcasting   | |  1.0
Hexes          | |  2.6

Action                     || total
---------------------------++-------
   Fire: Sling             ||    95
    Use: Scroll            ||     5
 Armour: Robe              ||    10
         Leather armour    ||    13
  Dodge: Dodged            ||    32

Table legend:
 A = Non-vault XP
 B = Vault XP
 C = Vault XP percentage of total XP
 D = Non-vault monster count
 E = Vault monster count
 F = Vault count percentage of total count
                 A         B        C        D         E       F
            +---------+---------+-------+---------+---------+-------
      Total |      55 |       0 |   0.0 |      27 |       0 |   0.0
            +---------+---------+-------+---------+---------+-------
        D:1 |      30 |       0 |   0.0 |      19 |       0 |   0.0
        D:2 |      25 |       0 |   0.0 |       8 |       0 |   0.0
            +---------+---------+-------+---------+---------+-------
